 Dungeon Crawl Stone Soup version 0.31-a0-851-g7ff8af7976 (webtiles) character file.

Game seed: 12694819762185732782

7346 viridovs the Spear-Bearer (level 11, -8/92 HPs)
             Began as a Formicid Fighter on Oct 5, 2023.
             Shot with an arrow by a centaur warrior (24 damage)
             ... on level 8 of the Dungeon.
             The game lasted 00:20:06 (9010 turns).

viridovs the Spear-Bearer (Formicid Fighter)        Turns: 9010, Time: 00:20:06

Health: -8/92      AC: 15    Str: 28    XL:     11   Next: 35%
Magic:  11/11      EV:  7    Int:  8    God:
Gold:   331        SH:  5    Dex: 13    Spells: 10/10 levels left

rFire   . . .        a - +2 trident (freeze)
rCold   . . .        c - +0 buckler
rNeg    . . .        m - +0 plate armour
rPois   .            (helmet unavailable)
rElec   .            z - +0 cloak
rCorr   .            p - +1 pair of gloves {Str+3}
SInv    +            y - +0 pair of boots
Will    +....        (no amulet) Stlth
                     (no ring)
HPRegen 0.35/turn    (no ring)
MPRegen 0.12/turn

%: no passive effects
@: no status effects
A: permanent stasis, dig shafts and tunnels, antennae 3, four strong arms
a: Dig, Shaft Self


You were on level 8 of the Dungeon.
You visited 2 branches of the dungeon, and saw 9 of its levels.

You collected 469 gold pieces.
You spent 138 gold pieces at shops.

Inventory:

Hand Weapons
 a - a +2 trident of freezing (weapon)
 v - a +1 spear of flaming
Armour
 c - a +0 buckler (worn)
 m - a +0 plate armour (worn)
 p - a +1 pair of gloves of strength (worn)
 y - a +0 pair of boots (worn)
 z - a +0 cloak (worn)
Magical Staves
 i - the staff "Uhiffarch" {Fly rElec rPois rN+++ Int-2 Poison}
   (You found it on level 3 of the Dungeon)

   [staff of poison]

   Base accuracy: +5 Base damage: 5 Base attack delay: 1.2 This weapon's minimum
   attack delay (0.6) is reached at skill level 12.
   Int-2:     It affects your intelligence (-2).
   rElec:     It insulates you from electricity.
   rPois:     It protects you from poison rN+++: It renders you almost immune to
   negative energy.
   Fly:       It grants you flight.
   Poison:    It increases the power of your Poison spells.
   It falls into the 'Staves' category.
   It is a weapon for one hand-pair.
Talismans
 n - a maw talisman
Wands
 b - a wand of paralysis (21)
 f - a wand of iceblast (8)
 r - a wand of flame (19)
Scrolls
 g - a scroll of identify
 q - 2 scrolls of poison
Potions
 d - a potion of might
 e - 3 potions of cancellation
 j - 2 potions of curing {unknown}
 k - a potion of invisibility {unknown}
 l - 2 potions of attraction {unknown}
 o - 3 potions of lignification {unknown}
 s - a potion of ambrosia {unknown}


   Skills:
 + Level 10.9 Fighting
 - Level 14.0 Polearms
 - Level 3.2 Armour
 - Level 4.0 Shields


You had 10 spell levels left.
You didn't know any spells.
Your spell library contained the following spells:

 Spells                   Type           Power      Damage    Failure   Level
 Kiss of Death            Conj/Necr      0%         2d5       99%         1
 Lesser Beckoning         Tloc           0%         N/A       100%        2
 Momentum Strike          Conj/Tloc      0%         3d8       100%        2
 Confusing Touch          Hex            0%         N/A       100%        3
 Frozen Ramparts          Ice            0%         1d1       100%        3
 Inner Flame              Hex/Fire       0%         N/A       100%        3
 Dispel Undead            Necr           0%         3d6       100%        4
 Petrify                  Tmut/Erth      0%         N/A       100%        4
 Metabolic Englaciation   Hex/Ice        0%         N/A       100%        5
 Yara's Violent Unravell  Hex/Tmut       0%         3d3       100%        5
 Enfeeble                 Hex            0%         N/A       100%        7
 Blink                    Tloc           Unusable   N/A       N/A         2

Dungeon Overview and Level Annotations

Branches:
Dungeon (8/15)             Temple (1/1) D:6            Lair (0/5) D:8

Altars:
Cheibriados
Dithmenos
Elyvilon
Fedhas
Gozag
Hepliaklqana
Kikubaaqudgha
Makhleb
Nemelex Xobeh
Okawaru
Ru
Sif Muna
Trog
Vehumet
Wu Jian
Yredelemnul
Zin
The Shining One

Shops:
D:2 *   D:3 [


Innate Abilities, Weirdness & Mutations

You cannot be hasted, slowed, berserked, paralysed or teleported.
You can dig through walls and to a lower floor.
You have a pair of large antennae on your head. (SInv)
Your four strong arms can wield two-handed weapons with a shield.


Message History

The centaur warrior is almost dead.
The centaur warrior hits you but does no damage.
The centaur warrior kicks you but does no damage.
You hit the centaur warrior. You freeze the centaur warrior.
You kill the centaur warrior!
As you read the scroll of fear, it crumbles to dust.
You assume a fearsome visage.
The orc looks frightened!
The efreet looks frightened!
The bullfrog looks frightened!
A jelly comes into view.
The orc begs for mercy.
The orc prays for help.
A centaur warrior comes into view.
It is wielding a staff of earth and wearing the ring of Ynit {*Slow rElec rPois rF+ rC+}.
The centaur warrior shouts!
You hear a shout!
The centaur warrior wields a +0 orcbow.
The centaur warrior shoots an arrow.
The arrow closely misses you.
The centaur warrior shoots an arrow.
The arrow hits you!!
* * * LOW HITPOINT WARNING * * *
A killer bee comes into view.
The killer bee buzzes angrily.
The centaur warrior shoots an arrow.
The arrow barely misses you.
The killer bee attacks as it pursues you!
The killer bee stings you but does no damage.
The centaur warrior shoots an arrow.
The arrow hits you!
* * * LOW HITPOINT WARNING * * *
The orc almost stumbles in trying to escape.
The killer bee stings you but does no damage.
You block the killer bee's attack.
The killer bee attacks as it pursues you!
The killer bee stings you but does no damage. x2
The killer bee barely misses you.
The killer bee stings you but does no damage.
The orc begs for mercy.
The killer bee attacks as it pursues you!
The killer bee stings you.
* * * LOW HITPOINT WARNING * * *
The killer bee stings you but does no damage.
The killer bee attacks as it pursues you!
The killer bee stings you but does no damage. x2
The centaur warrior shoots an arrow.
The arrow hits you!!
You die...

.......P..PP.....>.P.........[...
....###...PPP....PP....P....<....
.....#..P.PPP...PPP.P..PP.[..†...
........P..P.P..PPPP.PP....[.....
..##.....P....PP.PP.PPP..........
#............PPP.PP.P...P........
##......##..PPP.PP..P..PP..##....
.###.............P.....#...#.....
#..###...#.....y@....#...........
#....###........#...........#<...
#.#....###....c.####..#....|#....
#..#.#.c.###.....##..##..#.##....
#.#.#.#).........##..###.##......
#..#.#...###.....#...#...........
#.#....###...)...#......##.###'##
#....###.........###.....#.# #.#
#..###.....................###.##


You could see a centaur warrior and a killer bee.

Vanquished Creatures
  A centaur warrior (D:8)
  Erica (D:8)
  Grinder (D:5)
  4 yaks (D:8)
  Eustachio (D:6)
  2 wyverns
  4 steam dragons
  Edmund (D:5)
  7 water moccasins
  An acid dragon (D:8)
  An orc warrior (D:7)
  A sky beast (D:7)
  An ice beast (D:7)
  6 black bears
  3 ogres
  3 centaurs
  2 phantoms
  4 kobold brigands
  5 bullfrogs
  A gnoll sergeant (D:6)
  3 scorpions (D:5)
  8 wights (D:7)
  A howler monkey (D:8)
  2 hounds
  A jelly (D:5)
  A gnoll bouda (D:6)
  4 orc priests
  Jessica (D:3)
  4 iguanas
  A sleepcap (D:7)
  Terence (D:3)
  5 orc wizards
  14 gnolls
  7 adders
  A white imp (D:7)
  An ufetubus (D:6)
  2 dart slugs
  27 orcs
  11 bats
  An endoplasm (D:1)
  2 giant cockroaches
  10 goblins
  5 hobgoblins
  4 jackals (D:5)
  3 quokkas
  6 ball pythons
  25 kobolds
  4 rats
205 creatures vanquished.

Vanquished Creatures (others)
  A jelly (D:8)
1 creature vanquished.

Grand Total: 206 creatures vanquished

Notes
Turn   | Place    | Note
-------+----------+-------------------------------------------
     0 | D:1      | viridovs the Formicid Fighter began the quest for the Orb.
     0 | D:1      | Reached XP level 1. HP: 18/18 MP: 1/1
   226 | D:1      | Reached XP level 2. HP: 24/24 MP: 2/2
   298 | D:1      | Found a faded altar of an unknown god.
   396 | D:1      | Reached skill level 3 in Polearms
   396 | D:1      | Reached XP level 3. HP: 29/29 MP: 3/3
   724 | D:2      | Found Damitaik's General Store.
   952 | D:1      | Reached skill level 4 in Polearms
   952 | D:1      | Reached XP level 4. HP: 15/35 MP: 4/4
  1681 | D:3      | Found a snail-covered altar of Cheibriados.
  1906 | D:3      | Reached XP level 5. HP: 37/41 MP: 5/5
  1949 | D:3      | Reached skill level 5 in Polearms
  2036 | D:3      | Noticed Terence
  2043 | D:3      | Killed Terence
  2103 | D:3      | Noticed Jessica
  2106 | D:3      | Killed Jessica
  2110 | D:3      | Reached XP level 6. HP: 47/47 MP: 6/6
  2247 | D:3      | Identified the staff "Uhiffarch" {Fly rElec rPois rN+++
                  | Int-2 Poison}
  2353 | D:3      | Found Duenk's Armour Boutique.
  2377 | D:3      | Bought a +0 pair of gloves of strength for 138 gold pieces
  2523 | D:4      | Reached skill level 6 in Polearms
  2799 | D:4      | Found a shadowy altar of Dithmenos.
  2834 | D:4      | Noticed a water moccasin
  2842 | D:4      | Killed a water moccasin
  2843 | D:4      | Reached skill level 7 in Polearms
  2843 | D:4      | Reached XP level 7. HP: 52/52 MP: 7/7
  3257 | D:5      | Entered Level 5 of the Dungeon
  3426 | D:5      | Reached skill level 8 in Polearms
  3479 | D:5      | Reached XP level 8. HP: 58/58 MP: 8/8
  3564 | D:5      | Reached skill level 9 in Polearms
  4319 | D:5      | Noticed Grinder
  4345 | D:5      | Killed Grinder
  4346 | D:5      | Reached skill level 10 in Polearms
  4479 | D:6      | Noticed Edmund
  4705 | D:6      | Found a radiant altar of Vehumet.
  4713 | D:6      | Reached XP level 9. HP: 64/64 MP: 9/9
  4736 | D:5      | Killed Edmund
  4887 | D:5      | Reached skill level 11 in Polearms
  5397 | D:6      | Noticed Eustachio
  5435 | D:6      | Killed Eustachio
  5436 | D:6      | Reached skill level 12 in Polearms
  5551 | D:6      | Found a staircase to the Ecumenical Temple.
  5564 | Temple   | Entered the Ecumenical Temple
  6570 | D:7      | Reached skill level 5 in Fighting
  6570 | D:7      | Reached XP level 10. HP: 74/74 MP: 10/10
  7445 | D:7      | Reached skill level 13 in Polearms
  8124 | D:8      | Found a staircase to the Lair.
  8142 | D:8      | Found a white marble altar of Elyvilon.
  8142 | D:8      | Found an iron altar of Okawaru.
  8156 | D:8      | Found an ornate altar of the Wu Jian Council.
  8177 | D:8      | Found a sparkling altar of Nemelex Xobeh.
  8376 | D:8      | Reached XP level 11. HP: 71/87 MP: 11/11
  8385 | D:8      | Reached skill level 14 in Polearms
  8756 | D:8      | Noticed Erica
  8767 | D:8      | Killed Erica
  8973 | D:8      | Reached skill level 10 in Fighting
  8977 | D:8      | Noticed a centaur warrior
  8992 | D:8      | Killed a centaur warrior
  9000 | D:8      | Identified the ring of Ynit {*Slow rElec rPois rF+ rC+}
  9000 | D:8      | Noticed a centaur warrior
  9010 | D:8      | Shot with an arrow by a centaur warrior

Illustrated notes

Levels and vault maps discovered:
D:1:      scummos_arrival_gate, layout_basic,
          shapermc_ecumenical_altar_mp_ritualfount, grunt_decor_cap
D:2:      layout_basic, serial_shops, shop, serial_aquarium,
          aquarium_bridge_long_separate [aquarium_subvault_bridge,
          aquarium_subvault_window, aquarium_subvault_balcony,
          aquarium_subvault_bridge, aquarium_subvault_window,
          aquarium_subvault_bridge], aquarium_bridge_square
          [aquarium_subvault_wall, aquarium_subvault_bridge,
          aquarium_subvault_wall, aquarium_subvault_window], aquarium_window_1,
          aquarium_window_2, aquarium_window_corridor_3, aquarium_window_1,
          aquarium_view_2d, aquarium_view_2c, aquarium_balcony_5a,
          aquarium_pool_side
D:3:      layout_basic, cheibriados_altar_1, serial_shops,
          nicolae_shop_waterfront, uniq_terence, uniq_jessica
D:4:      layout_gridville, nicolae_dithmenos_through_a_glass_darkly,
          kennysheep_small_spiral, chequers_serial_rivers_small_3
D:5:      layout_loops_ring, grunt_decor_clamped, serial_bayou_lake_a,
          uniq_grinder
D:6:      layout_cave_pools, mainiacjoe_overflow_boulevard, temple_green,
          nicolae_hexahallways, glass_columns_a, kennysheep_pointless_box,
          uniq_edmund, uniq_eustachio
D:7:      layout_cave_pods
D:8:      minmay_the_grid_triangle_9x9_recursive_2
          [minmay_the_grid_triangle_9x9_prize_insulated,
          minmay_the_grid_triangle_9x9_checkered,
          minmay_the_grid_triangle_9x9_flanged_cone,
          minmay_the_grid_triangle_9x9_limited_checkers], layout_cave_pools,
          chequers_temple_overflow_statue_of_worship, lemuel_doored_altar,
          mainiacjoe_overflow_swirl, due_lair_maze_entry_diamond,
          enter_bailey_3, uniq_erica
Temple:   nicolae_temple_bog_church

Skill      XL: |  1  2  3  4  5  6  7  8  9 10 11 |
---------------+----------------------------------+-----
Polearms       | 3 4 5 7 8 10 12 13 14 | 14.0
Fighting       | 5 8 10 | 10.9
Armour         | |  3.2
Shields        | |  4.0

Action                     |  1- 3 |  4- 6 |  7- 9 | 10-12 || total
---------------------------+-------+-------+-------+-------++-------
  Melee: Trident           |    80 |   119 |   279 |   281 ||   759
    Use: Scroll            |       |     9 |     3 |     3 ||    15
 Armour: Scale mail        |    48 |    11 |       |       ||    59
         Plate armour      |       |    58 |   147 |   182 ||   387
  Dodge: Dodged            |    40 |    17 |    44 |    47 ||   148
  Block: Buckler           |    18 |    16 |    52 |    43 ||   129

Table legend: (Time is in decaauts)
 A = Elapsed time spent in this place.
 B = Non-inter-level travel time spent in this place.
 C = Inter-level travel time spent in this place.
 D = Time resting spent in this place.
 E = Time spent auto-exploring this place.
 F = Levels seen in this place.
 G = Mean time per level.
                   A        B        C        D        E       F      G
               +--------+--------+--------+--------+--------+-----+--------+
         Total |   8916 |   8625 |    291 |   2220 |   4722 |   9 |  990.7 |
       Dungeon |   8880 |   8603 |    277 |   2220 |   4722 |   8 | 1110.0 |
        Temple |     36 |     22 |     14 |      0 |      0 |   1 |   36.0 |
               +--------+--------+--------+--------+--------+-----+--------+

Top non-repeatable levels by time:
     D:6: 1609 daAuts
     D:7: 1544 daAuts
     D:5: 1520 daAuts
     D:8: 923 daAuts
     D:2: 907 daAuts
     D:4: 853 daAuts
     D:1: 787 daAuts
     D:3: 734 daAuts
  Temple: 36 daAuts
